[Event "Israeli Team-ch 2023"]
[Site "Petah Tikva"]
[Date "2023.05.05"]
[Round "9.9"]
[White "Smirin, Ilia"]
[Black "Kochavi, Ori"]
[Result "1-0"]
[ECO "B12"]
[WhiteElo "2596"]
[BlackElo "2396"]
[Annotator "TA"]
[PlyCount "69"]
[EventDate "2023.01.13"]
[EventCountry "ISR"]
[SourceTitle "playchess.com"]
[Source "ChessBase"]
[SourceQuality "1"]
[TimeControl "40/5400+30:1800+30"]

1. e4 c6 2. d4 d5 3. e5 Bf5 4. Nf3 e6 5. Be2 Ne7 6. c3 {[%emt 1:27:09] B12: Caro-Kann: Advance Variation.} Ng6 7. h4 {[%emt 0:00:30] [#]} Be7 $146 ({Predecessor:} 7... h6 8. a4 Nd7 9. Na3 f6 10. h5 Ne7 11. exf6 gxf6 12. Nc2 Bg7 13. Ne3 Bh7 {0-1 Xiong,J (2686)-Tari,A (2653) Titled Tuesday intern op 08th Mar Late blitz 2022 (8)}) 8. g3 (8. Qb3 $14) 8... h5 9. Ng5 (9. Nbd2 $14) 9... c5 $11 10. Bxh5 (10. a3 $1 $11) 10... cxd4 (10... Nc6 $17) 11. cxd4 Nc6 12. g4 $2 {[%emt 0:00:00] [#]} (12. Nc3 $11) 12... Rxh5 $1 $19 13. gxh5 {[%emt 0:00:00] [#]} (13. gxf5 Bxg5) 13... Nxh4 {[%emt 0:03:07][%mdl 576] Remove Defender} 14. f4 Ng2+ (14... Qb6 $1 $19 {[%cal Oc6d4] Hoping for ...Nxd4!} 15. Rxh4 Nxd4) 15. Kf1 {[%emt 0:00:00] [#]} Nxf4 {[%emt 0:00:06][%mdl 576] Remove Defender} 16. Nxf7 (16. Bxf4 Bxg5) 16... Kxf7 17. Bxf4 Qb6 18. Nc3 Nxd4 (18... Qxd4 19. Qxd4 Nxd4 20. Rd1 $15) 19. Rh2 {[%emt 0:00:00] Dodges Nc2} Rf8 $2 ({Black should play} 19... Nc6 $19 {Threatens to win with ...Kg8.} 20. Qb3 Bd3+ 21. Kg2 Qd4) 20. h6 $2 (20. Be3 $1 $11 {and White is okay.} Qa6+ 21. Kg1) 20... gxh6 (20... Kg8 $1 $19 21. Rc1 (21. hxg7 $2 Bd3+ {[%mdl 64] Discovered Attack} 22. Qxd3 Rxf4+ 23. Kg2 Qxb2+ $19) 21... Bd3+ {[%mdl 64] Discovered Attack} 22. Qxd3 Rxf4+ 23. Rf2 Rxf2+ 24. Kxf2 Nf5+ 25. Kf1 Qxb2) 21. Be3 (21. Bxh6 $17 Rh8 22. Rc1 (22. Qh5+ $2 Bg6 $19)) 21... Bc5 $1 {[%emt 0:01:58] This pair of bishops is nice.} 22. Rf2 (22. Qh5+ $2 Ke7 23. Rf2 (23. Bxh6 Bh3+ {[%mdl 64] Discovered Attack (Double check)} 24. Ke1 Rf1+ {[%mdl 64] Skewer} 25. Kd2 Qxb2+ 26. Kd3 Qxh2 27. Nxd5+ Kd7 28. Ne3 Rxa1 29. Qf7+ Kc6 30. Qe8+ Kc7 31. Qf7+ Kb6 32. Qh5 Bf1+ {[%mdl 64] Discovered Attack} 33. Ke4 Qxh5 34. Kf4 Rxa2) (23. Qxh6 $2 Bd3+ {[%mdl 64] Discovered Attack (Double check)} 24. Kg1 Nf3+ {[%mdl 64] Discovered Attack, Double Attack} 25. Kg2 Bxe3 $19) 23... Bd3+ 24. Kg2 Rxf2+ 25. Bxf2 Qxb2 $19) 22... Rg8 $1 23. Qh5+ (23. Bxh6 Qa6+) 23... Ke7 $2 (23... Rg6 $1 $19 24. Bxd4 (24. Bxh6 $2 Qa6+ 25. Ke1 Kg8 $19) 24... Bxd4 25. Rxf5+ Kg7) 24. Rd1 $11 {[%emt 0:00:00] Strongly threatening Bxd4. Some like it hot} (24. Bxh6 $2 Bd3+ 25. Ne2 Bxe2+ 26. Rxe2 Nf3 $19) (24. Qxh6 Bd3+ 25. Ne2 (25. Ke1 $2 Nc2+ {[%mdl 64] Discovered Attack} 26. Rxc2 Bxe3 $19) 25... Qxb2 26. Qf6+ Kd7 27. Qf7+ Kc6 28. Qxg8 Qxa1+ 29. Kg2 Be4+ 30. Kg3 Nxe2+ 31. Rxe2 Bxe3 32. Qxe6+ Kb5 33. Qd7+ (33. Rxe3 $2 Qg1+ 34. Kh4 Qxe3 $19) 33... Ka5 34. Rxe3 Qg1+ 35. Kf4 Qf2+ {[%mdl 64] Deflection, Double Attack} 36. Kg4 Qxe3 $19) 24... Rg4 (24... Qa6+ 25. Ne2 Nxe2 26. Bxc5+ Kd8 27. Qh4+ (27. Qxe2 Bh3+ 28. Ke1 Rg1+ 29. Kd2 Qa5+ 30. b4 Qxa2+ 31. Kc1 Qa1+ 32. Kc2 Bf5+ 33. Rxf5 Qa2+ 34. Kc1 Qxe2 $11) (27. Rxe2 Bg4 $11 {[%mdl 64] Pin}) 27... Kc8 28. Rxe2 $16) (24... Nc2 $1 $11 25. Qh4+ Kd7 26. Qa4+ Kd8 27. Nxd5 Bh3+ 28. Ke2 Bg4+ {[%mdl 64] Deflection} 29. Qxg4 Qb5+ 30. Kf3 Ne1+ 31. Rxe1 Rxg4) 25. Qxh6 {[%emt 0:00:00] White is more active.} (25. Bxh6 $2 Qa6+ 26. Ke1 Nc2+ 27. Kd2 Bxf2 $19) (25. Rxd4 $1 $16 Qa6+ 26. Ke1 Bxd4 27. Nxd5+ Kd8 28. Rxf5 Qa5+ 29. b4 Qxd5 30. Rf8+ Kc7 31. Rf7+ Kc6 32. Qxg4 Bxe3 33. Qd1) 25... Kd7 26. Rfd2 (26. Qf6 $2 Be7 27. Qf7 Bg6 28. Rxd4 Bxf7 $19) 26... Nf3 $2 {[%emt 0:06:43][%mdl 8192] [#]} (26... Qb4 $11 {and Black stays safe.} 27. Qh5 Qc4+ 28. Kf2 (28. Ne2 $2 Nxe2 $19) 28... Ke7 29. Bg5+ Kf8 30. Bh6+ (30. Qh8+ Kf7 $11) 30... Ke7 31. Bg5+ Kf8 32. Qh8+ Kf7 33. Qf6+ (33. Be3 $2 Nc6 $19) 33... Kg8 34. Qd8+ Kf7 35. Qf6+ (35. Qd7+ Kg6 $11) 35... Kg8 36. Qd8+ Kf7 37. Qf6+ (37. Qd7+ Kg6 $11)) 27. Rxd5+ $1 $18 exd5 28. Rxd5+ Ke8 29. Qh8+ (29. Bxc5 Qxh6 30. Bf2 Qc1+ 31. Ke2 Ng1+ 32. Bxg1 Rxg1 33. Rd1 Qxb2+ 34. Kf3 Qxc3+) 29... Kf7 30. Bxc5 Rg1+ {[%emt 0:02:05] [#]} 31. Kf2 $1 (31. Bxg1 Qxg1+ 32. Ke2 Nd4+ 33. Rxd4 Qg2+ 34. Ke1 (34. Ke3 Qg3+ 35. Ke2 Qg2+ 36. Ke1 Qg1+ 37. Ke2 Qg2+ $11) 34... Qg1+ 35. Ke2 Qg2+ 36. Ke3 Qg3+ 37. Ke2 Qg2+ $11) 31... Qxb2+ 32. Ne2 $1 {[%emt 0:00:02] White threatens Qf6+ and mate.} Rg2+ 33. Kxg2 {[%emt 0:00:07] Qf6+ would kill now.} Qxe2+ 34. Kg3 {[%emt 0:00:10] White wants to mate with Qf6+.} Qe1+ {[%emt 0:00:35] [#]} 35. Bf2 $1 {[%emt 0:00:11] Beautiful play by Smirin!   Weighted Error Value: White=0.43/Black=0.78} ({And not} 35. Kxf3 Qe4+ 36. Kg3 Qg4+ 37. Kh2 Qe2+ 38. Kg1 Qg4+ 39. Kh2 (39. Kf2 Qf4+ 40. Ke2 Qc4+ 41. Ke3 Qe4+ 42. Kf2 Qf4+ 43. Kg1 Qg4+ 44. Kh2 Qe2+ 45. Kg1 Qg4+ $11) 39... Qe2+ 40. Kg3 Qg4+ 41. Kh2 $11) 1-0

[Event "Israeli Team-ch 2023"]
[Site "Petah Tikva"]
[Date "2023.05.05"]
[Round "9.9"]
[White "Levin, Guy"]
[Black "Caspi, Israel"]
[Result "*"]
[ECO "B12"]
[WhiteElo "2391"]
[BlackElo "2472"]
[Annotator "TA"]
[PlyCount "14"]
[EventDate "2023.01.13"]
[EventCountry "ISR"]
[SourceTitle "playchess.com"]
[Source "ChessBase"]
[SourceQuality "1"]
[TimeControl "40/5400+30:1800+30"]

1. e4 c6 2. d4 d5 3. e5 Bf5 4. Nf3 e6 5. Be2 Ne7 6. c3 {[%emt 1:27:09] B12: Caro-Kann: Advance Variation.} Ng6 7. h4 {[%emt 0:00:00] [#]} Be7 $146 {[%emt 0:20:03] Weighted Error Value: White=0.12 (very precise) /Black=0.22 (precise)} ({Predecessor:} 7... h6 8. a4 Nd7 9. Na3 f6 10. h5 Ne7 11. exf6 gxf6 12. Nc2 Bg7 13. Ne3 Bh7 {0-1 Xiong,J (2686)-Tari,A (2653) Titled Tuesday intern op 08th Mar Late blitz 2022 (8)}) *

[Event "Israeli Team-ch 2023"]
[Site "Petah Tikva"]
[Date "2023.05.05"]
[Round "9.10"]
[White "Smirin, Ilia"]
[Black "Kochavi, Ori"]
[Result "*"]
[ECO "A13"]
[WhiteElo "2596"]
[BlackElo "2396"]
[Annotator "TA"]
[PlyCount "37"]
[EventDate "2023.01.13"]
[EventCountry "ISR"]
[SourceTitle "playchess.com"]
[Source "ChessBase"]
[SourceQuality "1"]
[TimeControl "40/5400+30:1800+30"]

1. c4 e6 2. g3 d5 3. Bg2 Nf6 4. Nf3 dxc4 5. Qa4+ c6 6. Qxc4 b5 7. Qc2 Bb7 8. a4 {[%emt 0:00:00] A13: English Opening: 1...e6.} a6 9. Nc3 Nbd7 10. O-O Be7 11. b3 O-O 12. Bb2 Qb6 {[%emt 0:00:00] [#] An uneventful encounter.   Weighted Error Value: White=0.06 (flawless) /Black=0.00 (flawless)} {Predecessor:} 13. e4 $146 c5 14. d3 Rfd8 15. Rfd1 Ng4 16. h3 Ngf6 17. Bc1 Bc6 18. Be3 Qb7 19. Ne1 {1-0 Deac,B (2625)-Samadov,R (2332) Titled Tuesday intern op 17th Nov blitz 2020 (6)} *

[Event "Israeli Team-ch 2023"]
[Site "Petah Tikva"]
[Date "2023.05.05"]
[Round "9.10"]
[White "Levin, Guy"]
[Black "Caspi, Israel"]
[Result "1/2-1/2"]
[ECO "A13"]
[WhiteElo "2391"]
[BlackElo "2472"]
[Annotator "TA"]
[PlyCount "53"]
[EventDate "2023.01.13"]
[EventCountry "ISR"]
[SourceTitle "playchess.com"]
[Source "ChessBase"]
[SourceQuality "1"]
[TimeControl "40/5400+30:1800+30"]

1. c4 e6 2. g3 d5 3. Bg2 Nf6 4. Nf3 dxc4 5. Qa4+ c6 6. Qxc4 b5 7. Qc2 Bb7 8. a4 {[%emt 0:00:00] A13: English Opening: 1...e6.} a6 9. Nc3 Nbd7 10. O-O Be7 11. b3 O-O 12. Bb2 Qb6 13. Rfc1 Rac8 14. d3 c5 {[%emt 0:00:00] [#]} 15. Nd2 $146 ({Predecessor:} 15. axb5 axb5 16. e4 Rfd8 17. Qe2 Nb8 18. e5 Nd5 19. Ne4 Nc6 20. h4 h6 21. Nh2 {0-1 Barcenilla,R (2463)-Bilguun,S (2454) Asia Nations online Cup rapid 2020 (5.3)}) 15... Bxg2 16. Kxg2 Qb7+ 17. Kg1 {[%emt 0:00:00] The position is equal.} h5 18. axb5 axb5 19. Ra5 b4 $1 20. Nce4 Nxe4 21. dxe4 Ra8 22. Nc4 Rxa5 23. Nxa5 Qb5 24. Nc4 Nb6 25. Nxb6 Qxb6 26. Rd1 Rd8 27. Rd3 {[%emt 0:00:00] A rather calm draw.   Weighted Error Value: White=0.05 (flawless) /Black=0.03 (flawless)} 1/2-1/2

[Event "Israeli Team-ch 2023"]
[Site "Petah Tikva"]
[Date "2023.05.05"]
[Round "9.12"]
[White "Kogan, Arthur"]
[Black "Aharonovich, Itamar"]
[Result "1/2-1/2"]
[ECO "B47"]
[WhiteElo "2471"]
[BlackElo "2327"]
[Annotator "TA"]
[PlyCount "187"]
[EventDate "2023.01.13"]
[EventCountry "ISR"]
[SourceTitle "playchess.com"]
[Source "ChessBase"]
[SourceQuality "1"]
[TimeControl "40/5400+30:1800+30"]

1. e4 c5 2. Nf3 e6 3. Nc3 Nc6 4. d4 cxd4 5. Nxd4 Qc7 6. Be2 a6 {Black is weak on the light squares} 7. Nxc6 {[%emt 0:00:46] B47: Sicilian: Taimanov: 5 Nc3 Qc7 6 f4, 6 g3 and 6 Be2.} bxc6 8. Qd3 d5 9. O-O Nf6 10. f4 Be7 11. e5 Nd7 12. Qg3 O-O {[%emt 0:00:54] [#]} 13. Nd1 $146 ({Predecessor:} 13. Qh3 Nc5 14. Be3 Rb8 15. Kh1 Qa5 16. Rab1 Rd8 17. Bd2 Qc7 18. b4 Nd7 19. Bd3 {0-1 Fridh,A-Kinnmark,O SWE-ch52 Norrkoeping 1968 (2)}) 13... f6 14. exf6 Nxf6 15. Nf2 Bd6 16. Qh4 Bd7 17. c4 (17. Rb1 $11 {keeps the balance.}) 17... Rae8 18. Bd3 e5 19. fxe5 Rxe5 {[%emt 0:00:15] Hoping for ...Rh5.} 20. Bf4 $1 Rh5 {[%emt 0:00:37][%mdl 64] Discovered Attack} 21. Bxd6 Qxd6 22. Qg3 Qxg3 (22... Qc5 {feels hotter.} 23. cxd5 cxd5 24. Rac1 Qd4) 23. hxg3 a5 24. Rac1 Rg5 25. cxd5 cxd5 (25... Rxg3 $2 26. dxc6 Bc8 27. Bc4+ Kh8 28. Rce1 $18) 26. Rc5 a4 {[%emt 0:00:48] [#]} (26... Rxg3 $5 27. Rxa5 h5 $11) 27. Ne4 $1 Nxe4 (27... dxe4 $2 28. Bc4+ (28. Rxg5 $2 {perishes.} exd3 29. Rd1 Rb8 $19) 28... Kh8 29. Rxg5 $18) (27... Rg4 28. Nxf6+) 28. Bxe4 Rxf1+ (28... Rxg3 $2 29. Bxd5+ $18 (29. Rxd5 Rxf1+ 30. Kxf1 Be8 $14) (29. Rxd5 Rxf1+ 30. Kxf1 Be8 $14)) 29. Kxf1 Rxg3 30. Rxd5 $11 {[%emt 0:00:00][%mdl 4096] Endgame KRB-KRB} Be6 (30... Be8 $14 {deserves consideration.}) 31. Ra5 ({White should play} 31. Kf2 $1 $16 Rg4 32. Kf3) 31... Bxa2 (31... Bd7 $1 $14) 32. Rxa4 ({Better is} 32. Kf2 $1 $16 Rg4 33. Kf3 Rxe4 34. Kxe4) 32... Be6 33. Ra8+ Kf7 34. Bxh7 Kf6 (34... Bc4+ $5 35. Kf2 Rxg2+ {[%mdl 64] Decoy} 36. Kxg2 Bd5+ 37. Kg3 Bxa8 $11) 35. Rf8+ (35. Ra6 $5 Ke5 36. Kf2 $14) 35... Ke7 36. Rf3 Rg4 37. Re3 {[%emt 0:00:54] Threatens to win with Bg8.} Kd6 38. Be4 Rg5 39. Bd3 Bd5 40. g3 Kc5 41. Be2 Rg6 42. Rc3+ Kd4 43. Rd3+ Ke5 44. Kf2 Rb6 45. Rd2 Be4 46. Bd1 Rf6+ 47. Ke3 Rg6 48. g4 Rh6 49. Rf2 Rh3+ 50. Kd2 Rd3+ 51. Kc1 Rh3 52. b3 Kd4 53. Kb2 Rg3 54. Rd2+ Kc5 55. b4+ Kb5 56. Be2+ Ka4 57. Bd1+ Kb5 $1 58. Rd4 Bf3 {[%emt 0:00:31] Wards off Be2+} 59. Bxf3 Rxf3 {[%emt 0:00:02] KR-KR} 60. Kc2 Rg3 61. Kd2 g5 62. Ke2 Ka4 63. Kf2 Rc3 $2 (63... Rb3 $11) 64. Kg2 $1 $18 Kb5 65. Re4 Ka4 66. Kf2 $2 (66. Re5 $18 Kxb4 67. Rxg5) 66... Rb3 $1 $11 67. Rc4 {[%emt 0:01:01] Kg2 would be deadly.} Rd3 $2 (67... Kb5 $14 68. Rc7 Ra3) 68. Rc5 $1 $18 Kxb4 69. Rxg5 Kc4 70. Rg8 $1 Rb3 {[%emt 0:00:51] [#]} 71. Rd8 $1 Ra3 72. g5 Ra5 {[%emt 0:00:24] [#]} 73. Rg8 $2 (73. g6 $1 $18 {[%cal Rg6g7] g7 would kill now.} Rg5 74. Rd6) 73... Kd5 $1 $11 {[%emt 0:01:23] The position is equal.} 74. Kg3 Ke6 $1 75. Kg4 {[%emt 0:00:31] Rf8 is the strong threat.} Kf7 {[%emt 0:00:13] Wards off Rf8+} 76. Rb8 Ra6 77. Kh5 Kg7 78. Rb7+ Kg8 79. Re7 Rb6 80. Rc7 Ra6 81. Rc5 Kh7 82. Re5 Rb6 83. Re7+ Kg8 84. Kg4 Rb4+ 85. Kf5 Rb5+ 86. Kf6 {[%emt 0:00:20] White threatens Re8+ and mate.} Rb6+ 87. Re6 Rxe6+ 88. Kxe6 {[%emt 0:00:02] White wants to mate with Kf6. KP-K} Kg7 89. Kf5 Kf7 90. g6+ Kg7 91. Kg5 Kg8 92. Kf6 {[%emt 0:00:03] Threatening mate with g7.} Kf8 93. g7+ Kg8 94. Kg6 {[%emt 0:00:02] White really could win this.   Weighted Error Value: White=0.10 (very precise) /Black=0.09 (flawless)} 1/2-1/2

[Event "Israeli Team-ch 2023"]
[Site "Petah Tikva"]
[Date "2023.05.05"]
[Round "9.13"]
[White "Mesropov, Konstantin"]
[Black "Kupervaser, Erez"]
[Result "1/2-1/2"]
[ECO "A36"]
[WhiteElo "2437"]
[BlackElo "2293"]
[Annotator "TA"]
[PlyCount "74"]
[EventDate "2023.01.13"]
[EventCountry "ISR"]
[SourceTitle "playchess.com"]
[Source "ChessBase"]
[SourceQuality "1"]
[TimeControl "40/5400+30:1800+30"]

1. c4 Nf6 2. g3 g6 3. Bg2 Bg7 4. Nc3 c5 5. d3 O-O 6. Nh3 Nc6 7. Nf4 {A36: Symmetrical English vs ...g6: 4 Bg2 Bg7.} d6 8. a3 {[#]} Qd7 $146 ({Predecessor:} 8... Rb8 9. Rb1 a5 10. Bd2 Bd7 11. h4 h5 12. O-O b6 13. Nb5 Ne5 14. Bc3 Nfg4 {1-0 Glud,J (2528)-Lie,E (2449) Oslo Sveins op 7th 2014 (7)}) 9. Rb1 b6 10. O-O Bb7 11. Qa4 Rfd8 12. Bd2 e6 13. h4 Qc8 14. b4 Nd4 15. Rfe1 Bxg2 (15... Ng4 {with more complications.} 16. Ne4 Nf5 17. bxc5 dxc5 18. h5 Nf6) 16. Nxg2 h6 17. Qd1 Qb7 18. a4 cxb4 19. Rxb4 Rac8 20. Nb5 Nc6 21. Rb1 Qe7 22. e4 Nd7 23. Bc3 Bxc3 24. Nxc3 Qf6 $1 25. Nb5 Nd4 {[%emt 0:00:00] [#] And now ...Nf3+ would win.} (25... a6 $5 26. Na3 (26. Nxd6 $2 {too greedy.} Rb8 $19) 26... Nc5 $17) 26. Re3 {[%emt 0:02:56] Prevents Nf3+} Nxb5 (26... a6 $5 27. Nxd4 Qxd4 $11) 27. axb5 d5 $2 28. cxd5 $2 (28. exd5 $18 Nc5 29. d4 exd5 30. dxc5 dxc4 31. Qe1) 28... exd5 $14 29. Nf4 dxe4 30. dxe4 ({Much weaker is} 30. Nd5 Qd6 31. dxe4 Nf6 $11) 30... Ne5 31. Nd5 Qe6 32. Qe2 Rc5 33. Rd1 Rdc8 {[%emt 0:00:38] The position is equal.} 34. Nf4 Qg4 35. Nd5 Qe6 {[%emt 0:00:05] Inhibits Nf6+.} 36. Nf4 Qg4 37. Nd5 {[%emt 0:00:19] [#] Nf6+ would be deadly.} Qe6 {[%emt 0:01:30] Prevents Nf6+.   Weighted Error Value: White=0.18 (very precise) /Black=0.17 (very precise)} 1/2-1/2

[Event "Israeli Team-ch 2023"]
[Site "Petah Tikva"]
[Date "2023.05.05"]
[Round "9.14"]
[White "Shohat, Yotam"]
[Black "Soffer, Ram"]
[Result "1-0"]
[ECO "D27"]
[WhiteElo "2284"]
[BlackElo "2475"]
[Annotator "TA"]
[PlyCount "59"]
[EventDate "2023.01.13"]
[EventCountry "ISR"]
[SourceTitle "playchess.com"]
[Source "ChessBase"]
[SourceQuality "1"]
[TimeControl "40/5400+30:1800+30"]

1. e4 c6 2. c4 d5 3. cxd5 cxd5 4. exd5 Nf6 5. Nc3 Nxd5 6. Nf3 Nc6 7. Bb5 e6 8. O-O Be7 9. d4 O-O 10. Re1 Nf6 11. a3 a6 12. Bd3 b5 13. Bc2 Bb7 14. Qd3 Rc8 {[%emt 0:00:00] [#] D27: Queen's Gambit Accepted: Classical main line: 7 e4!? and 7 a4.} (14... g6 $11) 15. d5 $1 $16 exd5 (15... Na5 16. Bg5) 16. Bg5 {[%emt 0:01:57] White has more active pieces.} Ne4 {[%emt 0:00:00] White is clearly better.} 17. Nxe4 (17. Nxd5 Bxg5 18. Qxe4 g6 $16) 17... dxe4 18. Qxe4 $40 {[%emt 0:00:06][%csl Gc2][%cal Re4h7][%mdl 128] White has strong attack.} f5 $2 {[%emt 0:00:00] [#]} (18... g6 $16 {might work better.} 19. Bh6 (19. Bxe7 Qxe7 20. Qf4 Qc7 $14) 19... Bf6) 19. Qe6+ $1 $18 (19. Bxe7 fxe4 20. Bb3+ Kh8 21. Bxd8 exf3 $14) 19... Kh8 20. Rad1 (20. Bxe7 Nxe7 21. Qxe7 Qxe7 22. Rxe7 Bxf3 $14) 20... Qe8 21. Bxf5 ({Weaker is} 21. Bxe7 Nxe7 22. Nd4 (22. Qxe7 Qxe7 23. Rxe7 Bxf3 $14) 22... Nd5 $16) 21... Bxg5 22. Nxg5 {[%emt 0:01:20] [#]} Qxe6 $146 (22... Rb8 {keeps fighting.} 23. Bxh7 (23. Nxh7 Qxe6 {[%mdl 64] Deflection} 24. Bxe6 Kxh7 $17) 23... Qxe6 24. Rxe6 Rbd8 25. Rxd8 Nxd8) ({Predecessor:} 22... Qh5 23. Nf7+ {1-0 Miranda,M (2295)-Loureiro,L (2340) Olicio Gadia Memorial 1997 (1)}) 23. Bxe6 {[%emt 0:00:36] White is clearly winning.} Rc7 {[%emt 0:00:00] [#]} 24. Nf7+ Kg8 (24... Rfxf7 25. Bxf7) 25. Nd8+ Kh8 26. Nxb7 Rxb7 27. Bd5 Rb6 28. Re6 Rd8 {[%emt 0:00:00] [#]} 29. Rde1 $1 {[%emt 0:00:02] White wants to mate with Re8+.} Rbb8 (29... g6 30. Bxc6) 30. Bxc6 {[%emt 0:00:11] White took control after the opening.   Weighted Error Value: White=0.01 (flawless) /Black=0.72} 1-0

[Event "Israeli Team-ch 2023"]
[Site "Petah Tikva"]
[Date "2023.05.05"]
[Round "9.15"]
[White "Ben Ari, Yannay"]
[Black "Aharon, Ofir"]
[Result "1-0"]
[ECO "A40"]
[WhiteElo "2406"]
[BlackElo "2256"]
[Annotator "TA"]
[PlyCount "71"]
[EventDate "2023.01.13"]
[EventCountry "ISR"]
[SourceTitle "playchess.com"]
[Source "ChessBase"]
[SourceQuality "1"]
[TimeControl "40/5400+30:1800+30"]

1. Nf3 c5 2. e3 g6 3. d4 Bg7 4. dxc5 Nf6 5. a3 a5 (5... O-O $11) 6. Nc3 $16 {[%emt 0:01:13][%cal Bb1c3,Bc3a4,Ba4b6][%mdl 32] [#] White is more active. A40: Unusual replies to 1 d4.} O-O $146 ({Predecessor:} 6... Na6 7. e4 Nxc5 8. e5 Ng4 9. Bf4 Ne6 10. Bg3 Nh6 11. Bd3 Nc5 12. Bc4 O-O {0-1 Khismatullin,D (2679)-Ponkratov,P (2624) RUS Cup final 2014 (2.4)}) 7. Na4 Qc7 {[%emt 0:02:18] [#] Black is on the road to losing.} ({Black should try} 7... Na6 $14) 8. Nd4 $1 {[%emt 0:09:45] White is better.} Na6 {[%emt 0:06:19] [#]} 9. Nb5 $1 ({But not} 9. Nb6 $6 Rb8 $11) 9... Qe5 10. Nb6 Rb8 11. Na7 Nxc5 12. Be2 d5 13. Naxc8 Rbxc8 14. Nxc8 Rxc8 15. O-O Nfe4 16. Rb1 e6 17. Bd2 Na4 18. c3 Nb6 19. Be1 Nc4 20. a4 b6 21. Bd3 f5 (21... Qc7 $16 {is a better defense.}) 22. Qe2 $18 Rc6 (22... Bh6 $142 23. Kh1 Ncd6) 23. f3 Nf6 24. Bf2 Qc7 25. Rbd1 Bh6 26. Kh1 {[%emt 0:04:52] Threatens to win with e4.} Qb7 $2 (26... Ne5 27. Bb5 Rd6) 27. e4 {[%emt 0:01:41] White is clearly winning.} Qf7 28. exd5 exd5 29. Rfe1 Bg7 30. Bd4 h5 31. b3 Nd6 32. Qe6 Nfe8 33. Bb5 Rc8 34. Bxe8 {[%emt 0:00:29][%mdl 64] Pin} Qxe6 35. Rxe6 Bxd4 36. Rxd6 {[%emt 0:01:00] Weighted Error Value: White=0.12 (very precise) /Black=0.36} 1-0

[Event "Israeli Team-ch 2023"]
[Site "Petah Tikva"]
[Date "2023.05.05"]
[Round "9.16"]
[White "Iakymov, Volodymyr"]
[Black "Bakalchuk, Johnatan"]
[Result "0-1"]
[ECO "B27"]
[WhiteElo "2378"]
[BlackElo "2442"]
[Annotator "TA"]
[PlyCount "50"]
[EventDate "2023.01.13"]
[EventCountry "ISR"]
[SourceTitle "playchess.com"]
[Source "ChessBase"]
[SourceQuality "1"]
[TimeControl "40/5400+30:1800+30"]

1. e4 c5 2. Nf3 g6 3. d4 cxd4 4. Qxd4 Nf6 5. Nc3 Nc6 6. Qd1 {[%emt 0:00:00] B27: Sicilian: 2 Nf3, unusual Black 2nd moves.} Bg7 7. Be2 O-O 8. O-O {[%emt 0:00:00] The position is equal.} d6 9. Bg5 a6 10. a4 {[%emt 0:00:00] [#]} Bg4 $146 ({Predecessor:} 10... b6 11. Qd2 Bb7 12. Rad1 Rc8 13. Bh6 Qc7 14. Bxg7 Kxg7 15. Nd5 Nxd5 16. exd5 Na5 {1-0 Sparenberg,E (2146)-Dittmar,L (1882) Vlissingen HZ op 23rd 2019 (6)}) 11. h3 Bxf3 12. Bxf3 Rc8 13. Be2 Nd7 14. Qd2 Nc5 {[%emt 0:02:06] ...Bxc3 would be deadly.} 15. Bh6 Bxh6 16. Qxh6 Qb6 17. Rab1 Qb4 18. Bg4 (18. Nd5 $11 Qxe4 19. Bf3) 18... e6 $15 19. Rfe1 Nxa4 20. e5 Nxc3 (20... Nxe5 21. Ne4 f5 22. Ng5 $11) 21. bxc3 Qxc3 22. exd6 b5 {[%emt 0:03:15] And now ...Rfd8 would win.} (22... Qxc2 $6 23. d7 (23. Rxb7 Nd4 $11) 23... Rcd8 24. Rxb7 $11) 23. Rbd1 ({Wrong is} 23. d7 $2 Rcd8 24. Qe3 (24. Red1 $2 Ne5 $19) 24... Qxe3 25. Rxe3 Rxd7 $19) 23... Rcd8 {[%emt 0:06:06][%cal Od8d6] aiming for ...Rxd6!} ({Much less strong is} 23... Qxc2 24. d7 Rcd8 25. Rc1 $18) 24. Bf3 $2 {[%emt 0:05:44] [#]} (24. Qe3 $17 Qxe3 25. Rxe3) 24... Rxd6 $3 $19 {[%emt 0:01:41][%mdl 576] Deflection} 25. Qf4 (25. Qe3 Qxe3) 25... Rfd8 {[%emt 0:02:53] Weighted Error Value: White=0.40/Black=0.10 (very precise)} 0-1